 Dungeon Crawl Stone Soup version 0.23-a0-78-gc252fe1 (webtiles) character file.

67 Amnesiac the Gusty (level 3, -2/24 HPs)
             Began as a Mummy Air Elementalist on Aug 10, 2018.
             Slain by a worm (8 damage)
             ... on level 3 of the Dungeon.
             The game lasted 00:02:31 (1063 turns).

Amnesiac the Gusty (Mummy Air Elementalist)         Turns: 1063, Time: 00:02:31

Health: -2/24      AC:  7    Str: 11    XL:     3   Next: 98%
Magic:  8/8        EV: 10    Int: 15    God:
Gold:   28         SH:  0    Dex: 12    Spells: 8/9 levels left

rFire    x . .     SeeInvis .   a - +0 whip
rCold    + . .     Gourm    .   (no shield)
rNeg     + + +     Faith    .   e - +0 ring mail
rPois    ∞         Spirit   .   d - +1 helmet
rElec    .         Reflect  .   (no cloak)
rCorr    .         Harm     .   (no gloves)
MR       .....                  (no boots)
Stlth    +.........             (no amulet)
HPRegen  0.08/turn              (no ring)
MPRegen  0.11/turn              (no ring)

@: no status effects
A: no food or potions, fire vulnerability, cold resistance 1, negative energy
resistance 3, torment resistance, unbreathing
a: no special abilities


You were on level 3 of the Dungeon.
You were not hungry.

You visited 1 branch of the dungeon, and saw 4 of its levels.

You collected 28 gold pieces.

Inventory:

Hand Weapons
 a - a +0 whip (weapon)
Armour
 d - a +1 helmet (worn)
 e - a +0 ring mail (worn)
Scrolls
 b - a scroll of remove curse {!r, unknown}
 c - 2 scrolls of identify {!r, unknown}


   Skills:
 - Level 1.5 Dodging
 - Level 1.5 Stealth
 + Level 3.6 Spellcasting
 - Level 0.7 Conjurations
 * Level 3.6 Air Magic


You had 8 spell levels left.
You knew the following spells:

 Your Spells              Type           Power        Failure   Level  Hunger
a - Shock                 Conj/Air       #...         19%         1    N/A

Your spell library contained the following spells:

 Spells                   Type           Power        Failure   Level  Hunger
 Lightning Bolt           Conj/Air       #.........   99%         5    N/A
 Swiftness                Chrm/Air       #.......     32%         2    N/A
 Airstrike                Air            ##........   71%         4    N/A
 Static Discharge         Conj/Air       #.......     50%         3    N/A

Dungeon Overview and Level Annotations

Branches:
Dungeon (4/15)
 Temple: D:4-7

Altars:

Annotations:
D:4 Sigmund


Innate Abilities, Weirdness & Mutations

You do not eat or drink.
Your flesh is vulnerable to fire.
You are immune to poison.
Your flesh is cold resistant. (rC+)
You are immune to negative energy. (rN+++)
You are immune to unholy pain and torment.
You can survive without breathing.


Message History

You open the door. The bat barely misses you.
Found a bubbling yellow potion.
There is an open door here.
You hit the rat but do no damage. The rat completely misses you.
You barely miss the rat. The rat bites you.
A dart slug comes into view.
You hit the rat.
You kill the rat!
The bat barely misses you. The bat barely misses you.
The bat closely misses you. The bat hits you but does no damage.
The bat barely misses you. The bat hits you but does no damage.
The bat hits you but does no damage. The bat misses you.
The bat hits you but does no damage. The kobold hits you.
You open the door. The bat closely misses you. The kobold hits you.
The bat closely misses you.
There is an open door here.
The bat barely misses you.
A worm comes into view.
The kobold barely misses you.
You closely miss the kobold. The kobold hits you but does no damage.
You hit the kobold but do no damage. The kobold barely misses you. x2
You barely miss the kobold. The kobold hits you but does no damage.
You closely miss the kobold. The kobold hits you but does no damage.
You closely miss the kobold. The kobold hits you.
You completely miss the kobold. The kobold barely misses you.
The worm misses you.
You closely miss the kobold. The kobold barely misses you.
The worm closely misses you.
You hit the kobold but do no damage. The kobold closely misses you.
You hit the kobold but do no damage. The kobold barely misses you.
The worm completely misses you.
You barely miss the kobold. The kobold hits you.
* * * LOW HITPOINT WARNING * * *
The worm bites you but does no damage.
You closely miss the kobold. The kobold barely misses you.
You miss the kobold. The kobold closely misses you. The worm bites you.
* * * LOW HITPOINT WARNING * * *
The kobold misses you.
You barely miss the kobold. The kobold hits you but does no damage.
You closely miss the kobold. The worm closely misses you.
The kobold closely misses you.
Press: ? - help, v - describe, . - travel
Here: a kobold The floor.
You closely miss the kobold. The worm closely misses you.
The kobold closely misses you.
You closely miss the kobold. The kobold hits you but does no damage.
You hit the worm but do no damage. The kobold hits you.
* * * LOW HITPOINT WARNING * * *
The worm bites you but does no damage.
You hit the worm.
The worm is lightly wounded.
The kobold closely misses you. The worm closely misses you.
You completely miss the worm.
The worm is lightly wounded.
The kobold closely misses you.
You hit the worm.
The worm is lightly wounded.
The kobold hits you but does no damage. The worm bites you!
You die...

...........#
#####'######
#+# #.# #.#
#.# #.# #.#
#.# #.# #.#
#.# #.# #b#
#w# #.# #@#
#.##########K#
#........b.wb#
##############


You could see a worm, a dart slug, a bat and a kobold.

Vanquished Creatures
  A howler monkey (D:3)
  An adder (D:2)
  A dart slug (D:2)
  3 bats
  2 giant cockroaches
  2 goblins (D:2)
  5 hobgoblins
  3 frilled lizards (D:2)
  A kobold (D:1)
  A rat (D:3)
20 creatures vanquished.

Notes
Turn   | Place    | Note
-------+----------+-------------------------------------------
     0 | D:1      | Amnesiac the Mummy Air Elementalist began the quest for the Orb.
     0 | D:1      | Reached XP level 1. HP: 13/13 MP: 4/4
   451 | D:2      | Reached XP level 2. HP: 14/19 MP: 5/5
   883 | D:2      | Reached XP level 3. HP: 21/24 MP: 7/7
   987 | D:4      | Noticed Sigmund
  1063 | D:3      | Slain by a worm

Vault maps used:
D:1:      dpeg_arrival_pond, minmay_cupped
D:2:      tgw_trog, uniq_robin
D:3:      lemuel_crystal_altar, minmay_misc_feat_five
D:4:      tso_altar, minmay_temple_entry_statues_pillars, first_ration,
          serial_shops, shop, nicolae_shop_behind_doors, shop, shop_statue,
          nicolae_shop_window_shopping, uniq_sigmund, uniq_blork_the_orc

Skill      XL: |  1  2 |
---------------+-------+-----
Air Magic      | 3 |  3.6
Spellcasting   | 3 |  3.6
Dodging        | |  1.5
Stealth        | |  1.5
Conjurations   | |  0.7

Action                   || total
-------------------------++-------
Melee: Club              ||    17
       Whip              ||    98
 Stab: Sleeping          ||     1
Armor: Robe              ||     2
       Ring mail         ||    48
Dodge: Dodged            ||    82

Table legend:
 A = Non-vault XP
 B = Vault XP
 C = Vault XP percentage of total XP
 D = Non-vault monster count
 E = Vault monster count
 F = Vault count percentage of total count
 G = Total turns spent on level
                 A         B        C        D         E       F
            +---------+---------+-------+---------+---------+-------
      Total |      96 |       0 |   0.0 |      20 |       0 |   0.0
            +---------+---------+-------+---------+---------+-------
        D:1 |       5 |       0 |   0.0 |       3 |       0 |   0.0
        D:2 |      36 |       0 |   0.0 |      13 |       0 |   0.0
        D:3 |      55 |       0 |   0.0 |       4 |       0 |   0.0
            +---------+---------+-------+---------+---------+-------
